 Dungeon Crawl Stone Soup version 0.31-a0-214-gb37851dbb3 (webtiles) character file.

Game seed: 2841832368097171650

516 TKaos the Cutter (level 7, -6/54 HPs)
             Began as a Human Cinder Acolyte on July 1, 2023.
             Was an Elder of Ignis.
             Mangled by a komodo dragon (15 damage)
             ... on level 5 of the Dungeon.
             The game lasted 00:22:25 (3275 turns).

TKaos the Cutter (Human Cinder Acolyte)             Turns: 3275, Time: 00:22:25

Health: -6/54      AC: 11    Str: 23    XL:     7   Next: 44%
Magic:  8/8        EV:  9    Int: 14    God:    Ignis [****..]
Gold:   219        SH:  0    Dex: 14    Spells: 4/8 levels left

rFire   + . .        y - +0 falchion (drain)
rCold   . . .        (no shield)
rNeg    . . .        g - +2 chain mail
rPois   .            (no helmet)
rElec   .            (no cloak)
rCorr   .            (no gloves)
SInv    .            (no boots)
Will    .....        (no amulet) Stlth
                     d - +6 ring of dexterity
HPRegen 0.29/turn    b - +6 ring of strength
MPRegen 0.11/turn

%: no passive effects
@: mighty
A: no striking features
a: Renounce Religion, Fiery Armour, Foxfire Swarm, Rising Flame


You were on level 5 of the Dungeon.
You worshipped Ignis.
Ignis was greatly pleased with you.
You visited 1 branch of the dungeon, and saw 5 of its levels.

You collected 291 gold pieces.
You spent 72 gold pieces at shops.

Inventory:

Hand Weapons
 a - a -1 short sword of flaming
 n - a +0 falchion
 w - a +0 long sword
 y - a +0 falchion of draining (weapon)
Armour
 g - a +2 chain mail (worn)
Jewellery
 b - a +6 ring of strength (right hand)
 d - a +6 ring of dexterity (left hand)
Wands
 p - a wand of charming (9)
Scrolls
 f - 2 scrolls of fear
 h - 2 scrolls of revelation
 i - 6 scrolls of amnesia
 l - a scroll of fog {unknown}
 m - a scroll of blinking
 o - a scroll of silence
 u - a scroll of immolation {unknown}
 x - a scroll of enchant weapon {unknown}
Potions
 e - a potion of degeneration {unknown}
 j - a potion of attraction
 k - 4 potions of curing
 q - a potion of lignification {unknown}
 r - a potion of berserk rage
 s - a potion of heal wounds {unknown}
 t - a potion of invisibility {unknown}
 v - a potion of resistance


   Skills:
 + Level 4.2 Fighting
 + Level 4.5(5.1) Short Blades
 + Level 3.4(4.5) Long Blades
 + Level 3.2 Armour
 + Level 1.4 Dodging
 + Level 0.5 Stealth
 + Level 1.0 Spellcasting
 + Level 3.4 Fire Magic


You had 4 spell levels left.
You knew the following spells:

 Your Spells              Type           Power      Damage    Failure   Level
a - Scorch                Fire           20%        2d6       52%         2
b - Poisonous Vapours     Pois/Air       0%         N/A       94%         2

Your spell library contained the following spells:

 Spells                   Type           Power      Damage    Failure   Level
 Kiss of Death            Conj/Necr      0%         2d5       85%         1
 Sting                    Tmut/Pois      0%         1d3       85%         1
 Lesser Beckoning         Tloc           0%         N/A       94%         2
 Confusing Touch          Hex            0%         N/A       99%         3
 Gell's Gravitas          Tloc           0%         N/A       99%         3
 Teleport Other           Tloc           0%         N/A       99%         3
 Dispel Undead            Necr           0%         3d6       100%        4
 Olgreb's Toxic Radiance  Pois           0%         N/A       100%        4


Dungeon Overview and Level Annotations

Branches:
Dungeon (5/15)
 Temple: D:4-7

Altars:
Vehumet

Shops:
D:2 (   D:3 ?!(   D:4 *


Message History

The howler monkey closely misses you.
You hit the howler monkey. You drain the howler monkey.
The howler monkey is severely wounded.
The howler monkey hoots and howls with incredible vigour!
You hear a shout!
You hear an angry hiss.
You barely miss the howler monkey.
The howler monkey is severely wounded.
The howler monkey hits you but does no damage.
The howler monkey completely misses you.
You barely miss the howler monkey.
The howler monkey is severely wounded.
The howler monkey hits you but does no damage.
You hit the howler monkey.
The howler monkey is severely wounded.
The howler monkey hits you but does no damage.
You slash the howler monkey!
You kill the howler monkey!
Found a trident.
A komodo dragon comes into view.
Found an amethyst potion.
You feel very mighty all of a sudden.
You barely miss the komodo dragon. The komodo dragon bites you!
You barely miss the komodo dragon.
The komodo dragon bites you but does no damage.
You hit the komodo dragon. You drain the komodo dragon.
The komodo dragon is lightly wounded.
The komodo dragon closely misses you. The komodo dragon bites you!
You barely miss the komodo dragon.
The komodo dragon is lightly wounded.
The komodo dragon bites you!!
* * * LOW HITPOINT WARNING * * *
You slash the komodo dragon! You drain the komodo dragon.
The komodo dragon is heavily wounded.
The komodo dragon closely misses you.
Blink to where?
Press: ? - help, Dir - move target, f - komodo dragon
Aim: a komodo dragon (heavily wounded, lightly drained)
Okay, then.
You feel better. The komodo dragon bites you!
You die...

§§.≈.......
........≈..!§.§§≈......#
........≈.≈§≈§§.≈......#
........≈..§§...≈......#
......)..≈≈≈≈≈≈≈≈......#
..................#.....
...........# #........
.......l...# ####.....
.......@...## ##.....
............# ###......
#...........####...##...
###..............######.
###............## #.
###...........# ##
##..........# #
###........# #
########.#.....## #


You could see a komodo dragon (drained).

Vanquished Creatures
  An ogre (D:5)
  2 howler monkeys
  5 hounds
  2 iguanas (D:5)
  A gnoll (D:3)
  7 adders
  2 dart slugs
  8 orcs
  7 ball pythons
  9 endoplasms
  3 giant cockroaches
  5 goblins
  2 hobgoblins
  2 quokkas
  8 bats
  6 frilled lizards
  10 kobolds
  5 rats
85 creatures vanquished.

Notes
Turn   | Place    | Note
-------+----------+-------------------------------------------
     0 | D:1      | TKaos the Human Cinder Acolyte began the quest for the Orb.
     0 | D:1      | Reached XP level 1. HP: 18/18 MP: 2/2
    73 | D:1      | Reached XP level 2. HP: 17/24 MP: 3/3
   378 | D:1      | Reached XP level 3. HP: 17/29 MP: 4/4
   726 | D:2      | Found Pecwyuv's Antique Weapon Shoppe.
   813 | D:2      | Learned a level 2 spell: Scorch
  1016 | D:2      | Reached XP level 4. HP: 32/35 MP: 5/5
  1756 | D:3      | Reached skill level 1 in Armour
  1780 | D:3      | Found Puifumaf's Distillery.
  1814 | D:3      | Reached XP level 5. HP: 39/41 MP: 6/6
  1879 | D:3      | Learned a level 2 spell: Poisonous Vapours
  1898 | D:3      | Reached skill level 1 in Dodging
  1907 | D:3      | Found Cyok's Weapon Emporium.
  1995 | D:3      | Reached skill level 1 in Long Blades
  1995 | D:3      | Reached XP level 6. HP: 41/48 MP: 7/7
  2097 | D:3      | Found Peihof's Magic Scroll Shop.
  2168 | D:3      | Bought a scroll of identify for 24 gold pieces
  2168 | D:3      | Bought a scroll of identify for 24 gold pieces
  2168 | D:3      | Bought a scroll of identify for 24 gold pieces
  2195 | D:3      | Found a faded altar of an unknown god.
  2481 | D:4      | Found Bifrar's Assorted Antiques.
  2615 | D:4      | Found a radiant altar of Vehumet.
  3016 | D:5      | Entered Level 5 of the Dungeon
  3048 | D:5      | Noticed an ogre
  3055 | D:5      | Killed an ogre
  3056 | D:5      | Reached XP level 7. HP: 42/54 MP: 8/8
  3265 | D:5      | Noticed a komodo dragon
  3273 | D:5      | HP: 1/54 [komodo dragon (23)]
  3275 | D:5      | Mangled by a komodo dragon

Illustrated notes

Levels and vault maps discovered:
D:1:      shiori_arrival_oz, layout_basic, amethyst_killhole
D:2:      layout_loops_corners, serial_shops, shop_fountains
D:3:      layout_rooms, serial_shops, nicolae_shop_tiny_glass, shop, shop,
          shapermc_ecumenical_altar_flowoftime, cheibrodos_gnoll_hut
D:4:      layout_basic, nicolae_vehumet_radiance, serial_shops, shop
D:5:      layout_layer_cave, mainiacjoe_overflow_concentric_impassable,
          minmay_temple_entry_waves, gammafunk_ghost_hive, minmay_shop_damaged

Skill      XL: |  1  2  3  4  5  6  7 |
---------------+----------------------+-----
Short Blades   | 4 |  4.5
Armour         | 1 2 3 |  3.2
Dodging        | 1 |  1.4
Long Blades    | 1 2 3 |  3.4
Fighting       | 4 |  4.2
Stealth        | |  0.5
Spellcasting   | |  1.0
Fire Magic     | |  3.4

Action                     |  1- 3 |  4- 6 |  7- 9 || total
---------------------------+-------+-------+-------++-------
  Melee: Short sword       |   145 |    87 |       ||   232
         Falchion          |       |   124 |    28 ||   152
         Long sword        |       |    14 |       ||    14
         Punch             |       |     1 |       ||     1
 Invoke: Fiery Armour      |       |     4 |       ||     4
    Use: Scroll            |     6 |     7 |       ||    13
         Potion            |       |     1 |     2 ||     3
 Armour: Robe              |    30 |       |       ||    30
         Chain mail        |    79 |   117 |    22 ||   218
  Dodge: Dodged            |   110 |    90 |    20 ||   220

Table legend: (Time is in decaauts)
 A = Elapsed time spent in this place.
 B = Non-inter-level travel time spent in this place.
 C = Inter-level travel time spent in this place.
 D = Time resting spent in this place.
 E = Time spent auto-exploring this place.
 F = Levels seen in this place.
 G = Mean time per level.
                   A        B        C        D        E       F      G
               +--------+--------+--------+--------+--------+-----+--------+
         Total |   3253 |   2836 |    417 |      0 |      0 |   5 |  650.6 |
       Dungeon |   3253 |   2836 |    417 |      0 |      0 |   5 |  650.6 |
               +--------+--------+--------+--------+--------+-----+--------+

Top non-repeatable levels by time:
     D:2: 957 daAuts
     D:3: 697 daAuts
     D:4: 688 daAuts
     D:1: 647 daAuts
     D:5: 263 daAuts
